 Dungeon Crawl Stone Soup version 0.20.1-1-g8b1a95d (webtiles) character file.

825 wolfsongas the Cleaver (level 7, -1/60 HPs)
             Began as a Minotaur Fighter on July 31, 2017.
             Slain by an ogre
             ... wielding a +0 giant club
              (19 damage)
             ... on level 4 of the Dungeon.
             The game lasted 00:11:46 (3822 turns).

wolfsongas the Cleaver (Minotaur Fighter)           Turns: 3822, Time: 00:11:46

Health: -1/60      AC:  8    Str: 22      XL:     7   Next: 64%
Magic:  6/6        EV:  8    Int:  5      God:
Gold:   169        SH:  9    Dex:  9 (10) Spells: 6/6 levels left

rFire    . . .     SeeInvis .   a - +0 war axe
rCold    . . .     Gourm    .   c - +0 shield
rNeg     . . .     Faith    .   b - +0 scale mail
rPois    .         Spirit   .   (helmet restricted)
rElec    .         Reflect  .   k - +0 cloak
rCorr    .         Harm     .   (no gloves)
MR       .....                  (no boots)
Stlth    ..........             (no amulet)
Regen    0.2/turn               r - ring of wizardry
MPRegen  0.1/turn               (no ring)

@: no status effects
A: retaliatory headbutt, horns 2
a: no special abilities


You were on level 4 of the Dungeon.
You were not hungry.

You visited 1 branch of the dungeon, and saw 4 of its levels.

You collected 169 gold pieces.

Inventory:

Hand Weapons
 a - a +0 war axe (weapon)
 m - a +3 spear
Armour
 b - a +0 scale mail (worn)
 c - a +0 shield (worn)
 k - a +0 cloak (worn)
 q - a +0 chain mail
Jewellery
 i - an uncursed ring of wizardry
 r - a ring of wizardry (left hand)
Scrolls
 e - a scroll of recharging
 h - 2 scrolls of teleportation
 l - 3 scrolls of remove curse
 o - 3 scrolls of fear
Potions
 d - a potion of brilliance {unknown}
 f - a potion of might
Comestibles
 g - 3 fruits
 t - a meat ration


   Skills:
 + Level 4.5 Fighting
 + Level 9.0 Axes
 + Level 5.1 Armour
 - Level 0.4 Dodging
 + Level 4.8 Shields


You had 6 spell levels left.
You didn't know any spells.

Dungeon Overview and Level Annotations

Branches:
Dungeon (4/15)
 Temple: D:4-7

Altars:
Nemelex Xobeh
Ru
Trog
Uskayaw


Innate Abilities, Weirdness & Mutations

You reflexively headbutt those who attack you in melee.
You have a pair of horns on your head.


Message History

You block the ogre's attack.
You barely miss the ogre.
The ogre is lightly wounded.
You block the ogre's attack.
You hit the ogre.
The ogre is moderately wounded.
The ogre hits you with a giant club!!
You barely miss the ogre. You headbutt the ogre.
The ogre is moderately wounded.
The ogre hits you with a giant club!
* * * LOW HITPOINT WARNING * * *
You barely miss the ogre. Your headbutt misses the ogre.
The ogre is moderately wounded.
You slash the ogre!
The ogre is severely wounded.
You block the ogre's attack.
You barely miss the ogre.
The ogre is severely wounded.
The ogre hits you with a giant club!!
You die...

.8.8.8.........#
...............#
..####.........# .##
#.........# .##
#.........# ..#
#........>#####
..#####............#####
#...###<...>.###........
##....)......###@#######
####...........O#
#..#.....<....###
####.##............#######
#...........#......(......
#..........##....#<..####
#..........##....###..#
#....[.....###...# .#
....[......# #..## .#


You could see an ogre.

Vanquished Creatures
  The ghost of ces the Chopper, an amateur DsFi (D:4)
  Grinder (D:3)
  A centaur (D:3)
  A howler monkey (D:4)
  A gnoll shaman (D:3)
  A hound (D:4)
  An orc wizard (D:3)
  A worker ant (D:4)
  5 gnolls
  5 adders
  A worm (D:3)
  2 dart slugs
  3 leopard geckos
  9 orcs (D:3)
  A giant cockroach (D:2)
  4 goblins
  8 hobgoblins
  12 jackals
  3 quokkas
  2 ball pythons
  11 bats
  6 frilled lizards
  9 kobolds
  18 rats
107 creatures vanquished.

Notes
Turn   | Place    | Note
-------+----------+-------------------------------------------
     0 | D:1      | wolfsongas the Minotaur Fighter began the quest for the Orb.
     0 | D:1      | Reached XP level 1. HP: 19/19 MP: 0/0
   458 | D:1      | Reached skill level 3 in Axes
   465 | D:1      | Reached XP level 2. HP: 19/26 MP: 1/1
   717 | D:1      | Reached skill level 4 in Axes
  1004 | D:1      | Reached XP level 3. HP: 31/31 MP: 2/2
  1223 | D:2      | Found a sacrificial altar of Ru.
  1359 | D:2      | Found a sparkling altar of Nemelex Xobeh.
  1432 | D:2      | Reached skill level 5 in Axes
  1432 | D:2      | Reached XP level 4. HP: 26/39 MP: 3/3
  1997 | D:3      | Noticed a centaur
  2013 | D:3      | Killed a centaur
  2013 | D:3      | Reached skill level 6 in Axes
  2013 | D:3      | Reached XP level 5. HP: 33/45 MP: 4/4
  2305 | D:3      | Reached skill level 7 in Axes
  2399 | D:3      | Found a bloodstained altar of Trog.
  2509 | D:3      | Noticed Grinder
  2516 | D:3      | Killed Grinder
  2516 | D:3      | Reached skill level 8 in Axes
  2516 | D:3      | Reached XP level 6. HP: 46/52 MP: 5/5
  2902 | D:4      | Noticed ces's ghost (amateur DsFi)
  3312 | D:4      | Reached XP level 7. HP: 51/59 MP: 6/6
  3315 | D:4      | HP: 2/59 [ces's ghost (10)]
  3626 | D:4      | Killed ces's ghost
  3701 | D:4      | Reached skill level 5 in Armour
  3746 | D:4      | Found a hide-covered altar of Uskayaw.
  3803 | D:4      | Reached skill level 9 in Axes
  3822 | D:4      | Slain by an ogre

Skill      XL: |  1  2  3  4  5  6  7 |
---------------+----------------------+-----
Axes           | 3 4 5 6 8 9 |  9.0
Fighting       | 4 |  4.5
Armour         | 4 5 |  5.1
Shields        | 4 |  4.8
Dodging        | |  0.4

Action                   |  1- 3 |  4- 6 |  7- 9 || total
-------------------------+-------+-------+-------++-------
Melee: War axe           |   109 |   161 |    36 ||   306
       Headbutt          |    10 |    16 |     7 ||    33
  Use: Scroll            |    12 |     1 |     2 ||    15
       Potion            |       |     8 |     2 ||    10
  Eat: Bread ration      |     1 |       |       ||     1
       Fruit             |       |     3 |       ||     3
       Meat ration       |       |     1 |       ||     1
Armor: Scale mail        |    49 |    71 |    10 ||   130
       Skin              |       |    10 |       ||    10
Dodge: Dodged            |    35 |    49 |    11 ||    95
Block: Shield            |    57 |    85 |    19 ||   161
